[Event "*** Titled Tuesday Blitz"]
[Site "Chess.com"]
[Date "2020.04.21"]
[Round "2"]
[White "bascheyaro"]
[Black "AttilaTurzo"]
[Result "1-0"]
[WhiteElo "2699"]
[BlackElo "2482"]
[TimeControl "180+1"]
[EndTime "10:17:31 PDT"]
[Termination "bascheyaro won by resignation"]

1. d4 d5 2. c4 c6 3. Nf3 Nf6 4.
Bg5 dxc4 5. Nc3 b5 6. e3 Bb7 7. Be2 h6 8. Bxf6 exf6 9. a4 a6 10. O-O Nd7 11. d5 b4 12. dxc6 Bxc6 13. Nd4 Bb7 14. Na2 Rc8 15. Rc1 Bd5 16. Nf5 Ne5 17. f4 Nd3 18. Bxd3 cxd3 19. Rxc8 Qxc8 20. Qxd3 Bxa2 21.
b3 Bxb3 22. g4 Be6 23. Qe4 g6 24. Nd4 f5 25. gxf5 gxf5 26. Nxf5 Rg8+ 27. Kf2 b3 28. Nd4 Be7 29. f5 Bd7 30. f6 Be6 31. fxe7 b2 32.
Nxe6 fxe6 33. Rb1 Rg7 34. Rxb2 Rf7+ 35. Kg2 Rxe7 36. Qg6+ Kd7 37. Rd2+ Kc7 38. Rc2+ 1-0

[Event "*** Titled Tuesday Blitz"]
[Site "Chess.com"]
[Date "2020.04.21"]
[Round "2"]
[White "LordIron"]
[Black "djano"]
[Result "1-0"]
[WhiteElo "2270"]
[BlackElo "2459"]
[TimeControl "180+1"]
[EndTime "10:17:31 PDT"]
[Termination "LordIron won by resignation"]

1. d4 Nf6 2. Nf3 e6 3. g3 Be7 4. Bg2 d5 5. O-O O-O 6. c4 dxc4 7. Nc3 c6 8. Ne5 Nbd7 9. Nxc4 Nb6 10. Ne5 Bd7 11.
e4 Be8 12. Be3 Nfd7 13. Nxd7 Bxd7 14. Qb3 Re8 15. Rfd1 Bf8 16. a4 Bc8 17. a5 Nd7 18. a6 bxa6 19. e5 Rb8 20. Qc2 Qc7 21. Ne4 Nb6 22. Nc5 Nd5 23. Bd2 a5 24. Bxa5 Qe7 25. Qc4 Rxb2 26. Rdb1 Rxb1+ 27. Rxb1 Qg5 28. Rb8 Bxc5 29.
Qxc5 h5 30. Qxc6 Bd7 31. Rxe8+ Bxe8 32. Qxe8+ Kh7 33. Qxf7 Qc1+ 34. Bf1 Nc3 35. Qxh5+ Kg8 36. Qe8+ Kh7 37. Bxc3 Qxc3 38. Qxe6 Qxd4 39. Qf5+ g6 40. Qf7+ Kh6 41. e6 Qd5 42. Qf8+ 1-0

[Event "*** Titled Tuesday Blitz"]
[Site "Chess.com"]
[Date "2020.04.21"]
[Round "2"]
[White "flomarechot"]
[Black "Keks2017"]
[Result "0-1"]
[WhiteElo "2108"]
[BlackElo "2399"]
[TimeControl "180+1"]
[EndTime "10:17:31 PDT"]
[Termination "Keks2017 won by resignation"]

1. d4 d6 2. Nf3 Nf6 3. g3 g6 4.
Bg2 Bg7 5. O-O O-O 6. c4 Nbd7 7.
Nc3 e5 8. e4 c6 9. h3 a5 10. dxe5 dxe5 11. Qd6 Ne8 12. Qd2 Nc7 13. Rd1 Ne6 14. Qd6 Re8 15. Be3 Bf8 16. Qd2 Qc7 17.
Ng5 Ndc5 18. Nxe6 Nxe6 19. h4 Bg7 20. Qd6 Qxd6 21. Rxd6 Nd4 22. Bxd4 exd4 23. Ne2 Be5 24. Rxd4 Bxd4 25. Nxd4 Rd8 26. Nf3 Be6 27. b3 a4 28. Rb1 axb3 29. axb3 Ra2 30. Bf1 h6 31. b4 Bg4 32. Ne5 Be6 33. Nf3 f6 34. b5 c5 35. b6 Bg4 36. Nh2 h5 37. Nxg4 hxg4 38. e5 f5 39. Bg2 Rd7 40. Bd5+ Kg7 41. Rb5 Ra6 42. Kg2 Re7 43. e6 Kf6 44. Rxc5 Rxb6 45. Rc8 Rb2 46. Rf8+ Ke5 47. Rf7 Re8 48. Bxb7 Rxe6 49.
Bd5 Ra6 50. Re7+ Kd4 51. Rg7 Raa2 52. Rxg6 Rxf2+ 53. Kg1 Rfb2 54. Bg2 Rxg2+ 0-1

[Event "*** Titled Tuesday Blitz"]
[Site "Chess.com"]
[Date "2020.04.21"]
[Round "2"]
[White "MartinCerveny"]
[Black "viditchess"]
[Result "0-1"]
[WhiteElo "2603"]
[BlackElo "2957"]
[TimeControl "180+1"]
[EndTime "10:17:32 PDT"]
[Termination "viditchess won on time"]

1. d4 Nf6 2. c4 e6 3. Nf3 d5 4. Nc3 Nbd7 5. Bg5 c6 6. e3 h6 7. Bh4 g5 8. Bg3 Nh5 9. Be5 Nxe5 10. Nxe5 Nf6 11. h4 Bg7 12. hxg5 hxg5 13. Rxh8+ Bxh8 14. c5 Nd7 15. Nf3 Qe7 16. e4 g4 17. Ng1 Qg5 18. Qd3 b6 19. b4 bxc5 20. bxc5 Rb8 21. Nge2 Rb2 22. Rb1 Ba6 23. Qd1 Bxe2 24.
Bxe2 Rxb1 25. Nxb1 dxe4 26. Nd2 e3 27. Ne4 exf2+ 28.
Kf1 Qe3 29. Nd6+ Ke7 30. Qa4 Bxd4 31. Qc2 Nxc5 32. Nc4 Qf4 33. Qd1 Ne4 0-1

[Event "*** Titled Tuesday Blitz"]
[Site "Chess.com"]
[Date "2020.04.21"]
[Round "2"]
[White "chenrip"]
[Black "warmoatmeal"]
[Result "1-0"]
[WhiteElo "2375"]
[BlackElo "1971"]
[TimeControl "180+1"]
[EndTime "10:17:32 PDT"]
[Termination "chenrip won by resignation"]

1. e4 c6 2. d4 d5 3. e5 c5 4.
c3 Nc6 5. Bb5 a6 6. Bxc6+ bxc6 7. dxc5 a5 8. Be3 Bf5 9. Nf3 a4 10. O-O Bg4 11. Nbd2 e6 12. b4 Ne7 13. Bd4 Nf5 14. a3 Be7 15. Qc2 O-O 16. h3 Bxf3 17. Nxf3 f6 18. Rfe1 fxe5 19. Nxe5 Qc7 20. c4 Nxd4 21.
Qd3 Nb3 22. Ra2 Bf6 23. Rae2 Bxe5 24. Rxe5 Rf6 25. cxd5 exd5 26. Qg3 Raf8 27. f3 g6 28. Qh4 R8f7 29. Re8+ Kg7 30. Ra8 Rf8 31. Rxf8 Rxf8 32. Re7+ Rf7 33. Rxc7 Rxc7 34. Qd8 Rf7 35. Qd6 d4 36.
Qxc6 d3 37. Qd5 d2 38. c6 Re7 39. Kf2 Re1 40. c7 d1=Q 41. Qxd1 Rxd1 42. c8=Q Rd2+ 43. Kg3 Ra2 44. Qc7+ Kg8 45. Qb8+ Kg7 46. Qa7+ Kh6 47. Qxa4 1-0

[Event "*** Titled Tuesday Blitz"]
[Site "Chess.com"]
[Date "2020.04.21"]
[Round "2"]
[White "Alexander_Donchenko"]
[Black "nfds"]
[Result "1-0"]
[WhiteElo "2800"]
[BlackElo "2549"]
[TimeControl "180+1"]
[EndTime "10:17:33 PDT"]
[Termination "Alexander_Donchenko won on time"]

1. e4 d5 2. exd5 Qxd5 3. Nc3 Qd8 4. Nf3 Nf6 5. Bc4 e6 6. O-O Nbd7 7. d4 Nb6 8. Bd3 Be7 9. Qe2 O-O 10. Bg5 Nbd5 11.
Nxd5 exd5 12. Rfe1 Be6 13. c3 h6 14. Bh4 Re8 15. Ne5 a6 16. Bc2 Qd6 17. Bg3 Qb6 18. Rab1 Rad8 19. Qd3 c5 20. Bh4 cxd4 21. cxd4 Ne4 22. Bxe7 Rxe7 23. f3 Nf6 24. Ng4 Rc7 25. Nxf6+ gxf6 26. Kh1 Kf8 27. Bb3 Ke7 28. Rbc1 Rxc1 29.
Rxc1 Kd7 30. Qe3 f5 31. Qxh6 Qxd4 32. Rd1 Qb6 33. Bxd5 1-0

[Event "*** Titled Tuesday Blitz"]
[Site "Chess.com"]
[Date "2020.04.21"]
[Round "2"]
[White "zurzan"]
[Black "Grieve72"]
[Result "1-0"]
[WhiteElo "2005"]
[BlackElo "2362"]
[TimeControl "180+1"]
[EndTime "10:17:33 PDT"]
[Termination "zurzan won on time"]

1. f4 c5 2. Nf3 g6 3. g3 Bg7 4. Bg2 d6 5. O-O e5 6. fxe5 dxe5 7. e4 Ne7 8. d3 O-O 9. Qe1 Nbc6 10. c3 Qxd3 11.
Be3 b6 12. Na3 Bb7 13. Rd1 Qxe4 14. Nd4 Qg4 15. Bf3 Qc8 16. Ndb5 Ba6 17. Nd6 Qe6 18. c4 Rad8 19. Ndb5 Qc8 20. Qf2 f5 21. Bg5 Bf6 22. Bxf6 Rxf6 23. Rxd8+ Qxd8 24. Rd1 Nd4 25. Nxd4 cxd4 26. b3 e4 27. Bxe4 fxe4 28. Qxf6 d3 29. Qe6+ Kf8 30. Qxe4 Bb7 31. Rf1+ Kg7 32. Qxb7 d2 33.
Qf3 1-0

[Event "*** Titled Tuesday Blitz"]
[Site "Chess.com"]
[Date "2020.04.21"]
[Round "2"]
[White "manitodeplomo"]
[Black "TigrVShlyape"]
[Result "1/2-1/2"]
[WhiteElo "2598"]
[BlackElo "2862"]
[TimeControl "180+1"]
[EndTime "10:17:34 PDT"]
[Termination "Game drawn by agreement"]

1. d4 d5 2. c4 c6 3. Nf3 Nf6 4. Nc3 a6 5. h3 g6 6. cxd5 cxd5 7. Bf4 Bg7 8. e3 O-O 9. Be2 b5 10. O-O Bb7 11. Qb3 Nc6 12. a4 b4 13.
Nb1 Qb6 14. Rc1 Rfc8 15. Nbd2 Na5 16. Qd1 e6 17. Nb3 Nxb3 18. Qxb3 Bf8 19. Qd1 a5 20. Rxc8 Rxc8 21. Rc1 Bd6 22. Rxc8+ Bxc8 23. Qc2 Bd7 24. Bxd6 Qxd6 25. Ne5 Kf8 26. Bb5 Bxb5 27. axb5 Qb6 28. Qc8+ Kg7 29. Nd7 Nxd7 30. Qxd7 a4 31. Qc6 a3 32.
bxa3 Qxc6 33. bxc6 bxa3 34. c7 a2 35. c8=Q a1=Q+ 36. Kh2 1/2-1/2

[Event "*** Titled Tuesday Blitz"]
[Site "Chess.com"]
[Date "2020.04.21"]
[Round "2"]
[White "SaguriGuerra"]
[Black "IMTominho"]
[Result "0-1"]
[WhiteElo "2521"]
[BlackElo "2766"]
[TimeControl "180+1"]
[EndTime "10:17:34 PDT"]
[Termination "IMTominho won by resignation"]

1. e4 e5 2. Nf3 Nf6 3. Nc3 Bb4 4.
Nxe5 O-O 5. Nd3 Bxc3 6. dxc3 Nxe4 7. c4 Re8 8. Be2 Qf6 9. O-O Nc6 10. Bf3 d6 11. Re1 Bf5 12. Nf4 Nc5 13. Rxe8+ Rxe8 14. Nd5 Qd4 15. Be3 Qxd1+ 16. Rxd1 Rc8 17. c3 Kf8 18. b3 Ne5 19. Be2 Bc2 20. Rd2 Bg6 21.
Bxc5 dxc5 22. f4 Nd7 23. Bg4 f5 24. Bf3 c6 25. Ne3 Ke7 26. g4 fxg4 27. Bxg4 Rd8 28. Nf5+ Bxf5 29. Bxf5 Nf6 30. Rxd8 Kxd8 31. Kf2 Ke7 32.
Kf3 Kd6 33. h4 b6 34. Bd3 Ke6 35. Bf1 h6 36. Bh3+ Kd6 37. Bf1 Ng8 38. Ke4 Ke6 39.
Bh3+ Kf6 40. Bd7 Ne7 41. Be8 Nf5 42. h5 Nd6+ 43. Kf3 Nxe8 44. Kg4 Nd6 45. Kf3 Kf5 46. Ke3 Ne4 47. Kf3 Nxc3 48. a4 a5 49. Ke3 Ne4 50. Kf3 Nd2+ 51. Ke3 Nxb3 52. Kf3 Nd2+ 0-1

[Event "*** Titled Tuesday Blitz"]
[Site "Chess.com"]
[Date "2020.04.21"]
[Round "2"]
[White "AustrianFalcon"]
[Black "korkmaz16"]
[Result "1-0"]
[WhiteElo "2594"]
[BlackElo "2304"]
[TimeControl "180+1"]
[EndTime "10:17:34 PDT"]
[Termination "AustrianFalcon won by resignation"]

1. e4 e6 2. d4 d5 3. Nc3 Nf6 4. Bg5 Be7 5. e5 Nfd7 6. h4 Bxg5 7. hxg5 Qxg5 8. Nh3 Qe7 9. Qg4 f5 10. exf6 Nxf6 11.
Qg3 Nc6 12. O-O-O a6 13. Bd3 Bd7 14. Rhe1 O-O-O 15. Nf4 Rhf8 16. Nfxd5 exd5 17. Nxd5 Qd6 18. Qxd6 cxd6 19. Ne7+ Nxe7 20. Rxe7 g6 21. Rh1 Rde8 22. Rxe8+ Rxe8 23. Kd2 Re7 24. f3 d5 25. Rh4 Kc7 26. Rf4 Ne8 27. Rf8 Nd6 28. b3 Bf5 29. c4 Bxd3 30. Kxd3 dxc4+ 31. bxc4 Nf5 32. g4 Nd6 33. c5 Nb5 34. d5 Rd7 35. Kc4 b6 36. a4 Na3+ 37. Kb3 Nb1 38. Kb4 bxc5+ 39. Kxc5 Nc3 40. d6+ Kb7 41. a5 Na4+ 42. Kd5 Nc3+ 43. Ke6 Kc6 44. Rc8+ Kb7 45. Kxd7 Nd5 46. Rc7+ 1-0

[Event "*** Titled Tuesday Blitz"]
[Site "Chess.com"]
[Date "2020.04.21"]
[Round "2"]
[White "GM_LOADING"]
[Black "queen_iryna"]
[Result "1-0"]
[WhiteElo "2512"]
[BlackElo "2275"]
[TimeControl "180+1"]
[EndTime "10:17:34 PDT"]
[Termination "GM_LOADING won by resignation"]

1. e4 d6 2. d4 Nf6 3. Nc3 e5 4. Nf3 Nbd7 5. Bc4 Be7 6. O-O O-O 7.
Re1 c6 8. a4 h6 9. a5 Re8 10.
dxe5 dxe5 11. Bd2 Bf8 12. Qb1 Nc5 13. Qa2 Qc7 14. h3 Be6 15. b4 Ncd7 16. Bxe6 Rxe6 17.
Qc4 Qd6 18. Rab1 Ree8 19. Be3 Qe6 20. Qe2 Nh5 21. Red1 Ndf6 22. b5 Nf4 23. Bxf4 exf4 24. a6 bxa6 25. Nd4 Qc8 26. bxc6 Bc5 27. Qc4 Bb6 28.
Nf5 Qe6 29. Qxe6 Rxe6 30. Nd5 Nxe4 31. Rxb6 axb6 32. Nc7 Rc8 33. Nxe6 fxe6 34. Ne7+ Kf7 35. Nxc8 Nc5 36. Nd6+ Ke7 37. c7 1-0

[Event "*** Titled Tuesday Blitz"]
[Site "Chess.com"]
[Date "2020.04.21"]
[Round "2"]
[White "woodhy"]
[Black "Pomegranate988"]
[Result "0-1"]
[WhiteElo "2264"]
[BlackElo "2484"]
[TimeControl "180+1"]
[EndTime "10:17:34 PDT"]
[Termination "Pomegranate988 won on time"]

1. e4 c6 2. d4 d5 3. Nc3 dxe4 4. Nxe4 Nf6 5. Ng3 g6 6. Nf3 Bg7 7. Bd3 O-O 8. O-O Be6 9. Re1 Nbd7 10. Ng5 Bg4 11.
f3 Bh5 12. Nxh5 Nxh5 13. c3 Nb6 14.
Be3 Nd5 15. Bf2 Nhf4 16. Bf1 Nf6 17. Qd2 Qc7 18. Bg3 N6h5 19. Bf2 Nd5 20. Qc2 Rad8 21. Rad1 Rfe8 22. Qb3 h6 23. Ne4 a5 24. a4 b6 25. g3 Kh7 26. Bg2 f5 27. Nd2 e5 28.
dxe5 Bxe5 29. Nc4 Bg7 30. Nxb6 Rxe1+ 31. Rxe1 Qb7 32. c4 Nb4 33. c5 f4 34. g4 Nf6 35.
Bf1 Nfd5 36. Re6 Ne3 37. Be2 Rd2 38. Re8 Nbd5 39. Bd3 Qf7 40. Bxe3 fxe3 41. Nxd5 cxd5 42.
Rxe3 Bd4 43. Bxg6+ Qxg6 0-1

[Event "*** Titled Tuesday Blitz"]
[Site "Chess.com"]
[Date "2020.04.21"]
[Round "2"]
[White "bazar-wokzal"]
[Black "crescentmoon2411"]
[Result "1/2-1/2"]
[WhiteElo "2528"]
[BlackElo "2750"]
[TimeControl "180+1"]
[EndTime "10:17:35 PDT"]
[Termination "Game drawn by agreement"]

1. e4 c5 2. c3 Nf6 3. e5 Nd5 4.
d4 cxd4 5. cxd4 d6 6. Bc4 Nb6 7. Bb3 dxe5 8. Qh5 e6 9. dxe5 Nc6 10. Nc3 g6 11. Qg5 Be7 12. Qg3 Bh4 13. Qe3 Qd4 14. Nf3 Qxe3+ 15. Bxe3 Be7 16. O-O Nd7 17. Nb5 O-O 18.
Bf4 Rd8 19. Rfd1 Nc5 20. Rxd8+ Nxd8 21. Be3 Bd7 22. Nd6 Nxb3 23. axb3 a6 24. Bc5 Nc6 25.
Nxb7 Rb8 26. Bxe7 Nxe7 27. Nc5 Bc6 28. Nd4 Rb4 29. Nxc6 Nxc6 30. Rxa6 Nxe5 31. Ra8+ Kg7 32. Ra7 Kf6 33. Nd7+ Nxd7 34. Rxd7 1/2-1/2

[Event "*** Titled Tuesday Blitz"]
[Site "Chess.com"]
[Date "2020.04.21"]
[Round "2"]
[White "KuzubovYuriy"]
[Black "enriquetejedor"]
[Result "1-0"]
[WhiteElo "2761"]
[BlackElo "2519"]
[TimeControl "180+1"]
[EndTime "10:17:35 PDT"]
[Termination "KuzubovYuriy won by resignation"]

1. d4 Nf6 2. Nf3 d5 3. c4 e6 4.
Nc3 Bb4 5. Bg5 h6 6. Qa4+ Nc6 7. Bxf6 Qxf6 8. e3 O-O 9. Rd1 a6 10. Qb3 dxc4 11. Qxc4 Bd7 12. Be2 Rad8 13. O-O Bd6 14. Ne4 Qe7 15. Nxd6 cxd6 16. d5 exd5 17. Qxd5 Be6 18.
Qd3 Bxa2 19. b3 Nb4 20. Qd2 a5 21. Nd4 Rc8 22. Ra1 d5 23. Rxa2 Nxa2 24. Qxa2 Qb4 25. h4 Rfe8 26. Qb1 Re4 27. g3 Rce8 28. Bf3 R4e5 29.
Qd3 h5 30. Rc1 g6 31. Kg2 Kg7 32. Rc7 R8e7 33. Rxe7 Qxe7 34. Qb5 Qb4 35. Qxb4 axb4 36. Nc2 Rf5 37. Nxb4 d4 38. Nd3 dxe3 39. fxe3 Rb5 40. b4 b6 41. e4 Kf6 42. Bd1 Re5 43. Nxe5 Kxe5 44. Kf3 f6 45. Bb3 g5 46. Bf7 1-0

[Event "*** Titled Tuesday Blitz"]
[Site "Chess.com"]
[Date "2020.04.21"]
[Round "2"]
[White "mamey78"]
[Black "robertofabregas"]
[Result "1-0"]
[WhiteElo "2401"]
[BlackElo "2113"]
[TimeControl "180+1"]
[EndTime "10:17:35 PDT"]
[Termination "mamey78 won by resignation"]

1. e4 c5 2. Nf3 d6 3. d4 cxd4 4.
Nxd4 Nf6 5. Nc3 e6 6. g4 h6 7.
h4 e5 8. Bb5+ Bd7 9. Bxd7+ Qxd7 10. Nf5 Nc6 11. Rg1 a6 12. Nd5 Nxe4 13. Nb6 Qd8 14.
Nxa8 Qxa8 15. Qd5 g6 16. Qxe4 gxf5 17. Qxf5 Nd4 18. Qe4 Qc8 19. c3 Nc6 20. Be3 Rg8 21. O-O-O Qe6 22. Kb1 Be7 23. g5 hxg5 24. hxg5 Na5 25. f4 exf4 26. Qa4+ Nc6 27. Bxf4 Kd7 28.
Qc2 b5 29. Rg2 Rg6 30. Rgd2 Kc7 31. Rd5 Na5 32. a4 Nc4 33. axb5 axb5 34. Rxb5 Kc6 35.
Qa4 Kc7 36. Qa7+ Kd8 37. Rb8+ 1-0

[Event "*** Titled Tuesday Blitz"]
[Site "Chess.com"]
[Date "2020.04.21"]
[Round "2"]
[White "Szparu"]
[Black "exoticprincess"]
[Result "0-1"]
[WhiteElo "2578"]
[BlackElo "2854"]
[TimeControl "180+1"]
[EndTime "10:17:36 PDT"]
[Termination "exoticprincess won on time"]

1. e4 c6 2. d4 d5 3. Nc3 dxe4 4. Nxe4 Nf6 5. Nxf6+ exf6 6. c3 Bd6 7. Bd3 O-O 8.
Qc2 Re8+ 9. Ne2 h5 10. Be3 Nd7 11. O-O-O Nf8 12. c4 Bg4 13. h3 Bxe2 14. Qxe2 Bf4 15. Qf3 Bxe3+ 16. fxe3 h4 17. Rhe1 Qa5 18. Kb1 Rad8 19.
Qf2 Qg5 20. e4 Ne6 21. d5 Nf4 22. Bf1 f5 23. exf5 Rxe1 24. Rxe1 cxd5 25. cxd5 Qxf5+ 26. Ka1 Qg5 27. Qxa7 Qxd5 28. Qa4 Qd2 29. Rb1 Rc8 30. a3 g6 31. Qb3 Rc1 32. Bc4 Rxb1+ 33. Kxb1 Qxg2 34. Bxf7+ Kg7 35. Bc4 Nxh3 36. Bd5 Qf1+ 37. Ka2 Ng5 38. Qc3+ Kh7 39. Qc7+ Kh6 40. Qxb7 h3 41. Qb8 Qf5 42. Qh8+ Nh7 43. Qd4 Nf6 44. Bb3 g5 45. Ba4 Qd5+ 46. Qxd5 Nxd5 47. Bc6 g4 48. Bxd5 g3 0-1

[Event "*** Titled Tuesday Blitz"]
[Site "Chess.com"]
[Date "2020.04.21"]
[Round "2"]
[White "agrigo3"]
[Black "wnstop"]
[Result "0-1"]
[WhiteElo "2303"]
[BlackElo "2587"]
[TimeControl "180+1"]
[EndTime "10:17:36 PDT"]
[Termination "wnstop won on time"]

1. Nf3 Nf6 2. g3 d5 3. Bg2 e6 4. O-O Be7 5. d4 O-O 6. c4 dxc4 7. Ne5 Nc6 8. Nxc6 bxc6 9. e3 Rb8 10. Qc2 Ba6 11.
Rd1 Qc8 12. Nd2 c5 13. Nxc4 cxd4 14. Rxd4 c5 15. Rd1 Nd5 16. Bd2 Bf6 17. Rab1 Nb4 18. Bxb4 cxb4 19. b3 Rb5 20. Be4 g6 21. Nd6 Qxc2 22.
Bxc2 Ra5 23. Ne4 Be5 24. Bd3 Bb7 25. Nd2 Rxa2 26. Nc4 Bc3 27. Rdc1 Rd8 28. Rd1 Bf3 29.
Be2 Rxd1+ 30. Bxd1 Be4 31. Rc1 Be1 32. f3 Bd3 33. e4 Bf2+ 34. Kh1 Bd4 35. Nd6 Kg7 0-1

[Event "*** Titled Tuesday Blitz"]
[Site "Chess.com"]
[Date "2020.04.21"]
[Round "2"]
[White "TV27"]
[Black "elisak43"]
[Result "1-0"]
[WhiteElo "2129"]
[BlackElo "2385"]
[TimeControl "180+1"]
[EndTime "10:17:36 PDT"]
[Termination "TV27 won on time"]

1. c4 e5 2. Nc3 Nf6 3. g3 d5 4. cxd5 Nxd5 5. Bg2 c6 6. Nf3 Nxc3 7. bxc3 Bd6 8. e4 O-O 9. O-O Nd7 10. Qc2 c5 11.
a4 c4 12. d4 cxd3 13. Qxd3 Nc5 14. Qc2 Qc7 15. Be3 Be6 16. Rab1 Rac8 17. Rfd1 Rfd8 18.
Bf1 f6 19. Nd2 Bf8 20. Bc4 Bxc4 21. Nxc4 b6 22. Rxd8 Rxd8 23. a5 Nd7 24. Qa2 Kh8 25. axb6 axb6 26. Nxb6 Qxc3 27. Nd5 Qc8 28. Rc1 Qa8 29.
Qe2 h6 30. Qb5 Kh7 31. Qe2 Qa3 32. Qg4 Qb2 33. Qf5+ g6 34. Qe6 Bg7 35. Qe7 Qb8 36. h4 Qc7 37. Nxc7 1-0

[Event "*** Titled Tuesday Blitz"]
[Site "Chess.com"]
[Date "2020.04.21"]
[Round "2"]
[White "WonderChampion"]
[Black "albano87"]
[Result "0-1"]
[WhiteElo "1783"]
[BlackElo "2365"]
[TimeControl "180+1"]
[EndTime "10:17:36 PDT"]
[Termination "albano87 won by checkmate"]

1. e4 c5 2. Nf3 Nc6 3. Bb5 d6 4. Bxc6+ bxc6 5. O-O Nf6 6. Re1 g6 7. c3 Bg7 8. d4 cxd4 9. cxd4 O-O 10. Nc3 Bg4 11.
Be3 Rb8 12. Rb1 d5 13. e5 Ne4 14. h3 Bxf3 15. Qxf3 Nxc3 16. bxc3 Qa5 17. Bf4 Rxb1 18. Rxb1 Qxa2 19. Rb7 e6 20. Qg4 Qa1+ 21. Kh2 Qxc3 22.
Be3 c5 23. Rxa7 cxd4 24. Bxd4 Bxe5+ 25. Bxe5 Qxe5+ 26. f4 Qe3 27. Ra1 d4 28. Qh4 d3 29.
Re1 Qd4 30. Qg4 d2 31. Rd1 Rd8 32. h4 e5 33. g3 Qf2+ 34. Kh3 exf4 35. Qxf4 Qxf4 36.
gxf4 Rd3+ 37. Kg2 Kg7 38. Kf2 Kf6 39. Ke2 Rd7 40. Ke3 Kf5 41. Kf3 h5 42. Ke3 Kg4 43.
Ke4 Re7+ 44. Kd3 Kxh4 45. Rxd2 Rd7+ 46. Ke3 Rxd2 47. Kxd2 Kg3 48. Ke3 h4 49. Ke4 h3 50.
f5 gxf5+ 51. Kxf5 h2 52. Kf6 h1=Q 53. Kxf7 Qc6 54. Ke7 Kf4 55. Kf8 Kf5 56. Kf7 Qc7+ 57. Kf8 Kf6 58. Kg8 Qg7# 0-1

[Event "*** Titled Tuesday Blitz"]
[Site "Chess.com"]
[Date "2020.04.21"]
[Round "2"]
[White "Belka1989"]
[Black "DmitryMaximov"]
[Result "1-0"]
[WhiteElo "2430"]
[BlackElo "2632"]
[TimeControl "180+1"]
[EndTime "10:17:37 PDT"]
[Termination "Belka1989 won by resignation"]

1. e4 c5 2. Nf3 d6 3. d4 cxd4 4. Nxd4 Nf6 5. f3 g6 6. c4 Bg7 7. Nc3 O-O 8. Be3 Nbd7 9. Be2 a6 10. O-O Ne5 11. Qd2 Bd7 12. Rac1 Re8 13. Rfd1 Qa5 14. Nb3 Qd8 15. Nd5 Nxd5 16. cxd5 f5 17. Qb4 fxe4 18.
fxe4 Bg4 19. Bxg4 Nxg4 20. Bd4 Bh6 21. Rc3 a5 22. Qc4 Rf8 23. h3 Nf6 24. Bxf6 Rxf6 25. Nd4 Qb6 26. Rc2 Raf8 27. Kh1 Kh8 28. Ne6 Rg8 29.
Qc3 Bg7 30. Nxg7 Kxg7 31. e5 dxe5 32. Qxe5 Kf7 33. Rc7 Re8 34. d6 Qf2 35. Rxe7+ Rxe7 36. Qxe7+ Kg8 37. d7 1-0

[Event "*** Titled Tuesday Blitz"]
[Site "Chess.com"]
[Date "2020.04.21"]
[Round "2"]
[White "sergeikim"]
[Black "H3nriqueTV"]
[Result "1-0"]
[WhiteElo "2420"]
[BlackElo "2149"]
[TimeControl "180+1"]
[EndTime "10:17:37 PDT"]
[Termination "sergeikim won by resignation"]

1. d4 d6 2. c4 Nf6 3. Nc3 c5 4. d5 a6 5. e4 e5 6. Nge2 b5 7. Ng3 Nbd7 8. cxb5 Nb6 9. Be2 Bd7 10.
bxa6 c4 11. O-O Rxa6 12. Be3 Qc7 13. a4 Be7 14. a5 Nc8 15. Bd2 O-O 16. Nb1 Bb5 17. Na3 Qc5 18. Qc2 Na7 19. Be3 Qb4 20.
Nxb5 Nxb5 21. Qxc4 Qxc4 22. Bxc4 Rb8 23. Bb6 Raxb6 24.
axb6 Rxb6 25. Ra8+ Bf8 26. Nf5 g6 27. Ne7+ Kg7 28.
Nc8 Rb7 29. f3 Nd4 30. b3 Nd7 31. Ra7 Rb8 32. Rxd7 Rxc8 33. Ra1 Kg8 34. Raa7 f5 35. Rxh7 fxe4 36. fxe4 Rb8 37. Rhb7 Rc8 38. h4 Bh6 39. g3 Rf8 40. Kg2 Nf3 41. Be2 Nd2 42. Bg4 Nxe4 43.
Be6+ 1-0

[Event "*** Titled Tuesday Blitz"]
[Site "Chess.com"]
[Date "2020.04.21"]
[Round "2"]
[White "MaxVavulin"]
[Black "Vaathi_Coming"]
[Result "0-1"]
[WhiteElo "2573"]
[BlackElo "2835"]
[TimeControl "180+1"]
[EndTime "10:17:38 PDT"]
[Termination "Vaathi_Coming won on time"]

1. e4 e5 2. Nf3 Nc6 3. Bb5 Nf6 4. Qe2 Bc5 5. c3 O-O 6. d3 h6 7. Nbd2 Re8 8. Nf1 d5 9. h3 a6 10. Ba4 b5 11. Bb3 a5 12. g4 a4 13. Bc2 Ba6 14.
Ng3 b4 15. g5 hxg5 16. Bxg5 a3 17. exd5 axb2 18. Rd1 e4 19. Nxe4 Rxe4 20. Qxe4 Nxe4 21. Bxd8 Nxf2 22. dxc6 Rxd8 23. d4 Nxd1 24. Kxd1 bxc3 25. Be4 Bxd4 26. Kc2 Bf6 27. Rg1 Bb5 28. Kb3 Rb8 29. Kc2 Ba4+ 30. Kb1 Re8 31. Bd3 Re3 0-1

[Event "*** Titled Tuesday Blitz"]
[Site "Chess.com"]
[Date "2020.04.21"]
[Round "2"]
[White "StegariuVlad"]
[Black "aa175"]
[Result "0-1"]
[WhiteElo "2506"]
[BlackElo "2294"]
[TimeControl "180+1"]
[EndTime "10:17:38 PDT"]
[Termination "aa175 won by checkmate"]

1. e4 c5 2. Nf3 d6 3. c3 Nf6 4.
d3 Nc6 5. Nbd2 Bg4 6. Be2 e6 7.
O-O Be7 8. Qc2 O-O 9. Re1 b5 10. Nf1 Qd7 11. h3 Bh5 12. Ng3 Bxf3 13. Bxf3 Rfd8 14.
Be2 Rac8 15. Bg5 h6 16. Be3 d5 17. Rad1 d4 18. Bc1 e5 19. Nf5 Bf8 20. Bf3 Ne7 21. Bg4 Nxg4 22. hxg4 g6 23. Nxe7+ Qxe7 24. Qe2 c4 25.
cxd4 Rxd4 26. Be3 cxd3 27. Rxd3 Rxe4 28. Rd5 a6 29. Qd3 Rec4 30. Rd7 Qe6 31. f3 Rc2 32. b3 Rxa2 33. Ra7 Rcc2 34. Rc1 Rxc1+ 35. Bxc1 Bc5+ 36. Be3 Bxa7 37. Bxa7 Rb2 38. Be3 Rxb3 39. Qd8+ Kg7 40. Bxh6+ Kxh6 41. Qh8+ Kg5 42. g3 Rb1+ 43. Kh2 Qa2+ 44.
Kh3 Rh1# 0-1

[Event "*** Titled Tuesday Blitz"]
[Site "Chess.com"]
[Date "2020.04.21"]
[Round "2"]
[White "m_ezat"]
[Black "FCChelsea14"]
[Result "0-1"]
[WhiteElo "2521"]
[BlackElo "2764"]
[TimeControl "180+1"]
[EndTime "10:17:39 PDT"]
[Termination "FCChelsea14 won on time"]

1. d4 Nf6 2. c4 e6 3. Nc3 Bb4 4. e3 O-O 5. a3 Bxc3+ 6. bxc3 d5 7. cxd5 exd5 8. Bd3 c5 9. Ne2 Bg4 10. f3 Bh5 11.
Nf4 Bg6 12. Nxg6 hxg6 13. O-O Nc6 14. Ra2 Re8 15. Raf2 Qb6 16. a4 cxd4 17. cxd4 Na5 18. Re1 Rac8 19. Bb5 Re6 20. Ba3 a6 21. Bc5 Qd8 22.
Bd3 b6 23. Bb4 Nc4 24. Bd2 Qe8 25. Bc1 Nxe3 26. Bxe3 Rxe3 27. Rfe2 Rxe2 28. Rxe2 Qf8 29. Bxa6 Rc3 30. Rc2 Qb4 31. Rxc3 Qxc3 32. Bb5 g5 33. g3 Qe3+ 34. Kg2 g4 35. fxg4 Ne4 36. Qc2 g6 37. Qc8+ Kg7 38. Qe8 Qf2+ 39. Kh1 Qxd4 40. Kg2 Qd2+ 41.
Kg1 Qd4+ 42. Kg2 Nf6 0-1

[Event "*** Titled Tuesday Blitz"]
[Site "Chess.com"]
[Date "2020.04.21"]
[Round "2"]
[White "varacalli"]
[Black "DucksParadise"]
[Result "0-1"]
[WhiteElo "2369"]
[BlackElo "2072"]
[TimeControl "180+1"]
[EndTime "10:17:39 PDT"]
[Termination "DucksParadise won by resignation"]

1. d4 d6 2. c4 e5 3. Nc3 exd4 4. Qxd4 Nc6 5. Qd2 g6 6. Nf3 Bg7 7. g3 Nf6 8. Bg2 O-O 9. O-O Re8 10. Re1 Bf5 11.
Nd5 Be4 12. Rd1 Nxd5 13. cxd5 Bxf3 14. exf3 Nd4 15. Qd3 c5 16. dxc6 bxc6 17. Be3 c5 18. Rac1 Rb8 19. b3 Qa5 20. Rd2 Qa3 21. Rcd1 a5 22.
f4 a4 23. Bd5 axb3 24. axb3 Nxb3 25. Rb1 Nxd2 26. Qxa3 Nxb1 27. Kg2 Nxa3 28. Bc6 Nb5 29.
Bxe8 Rxe8 30. g4 Nd4 31. Kg3 f5 32. h3 Rxe3+ 33. fxe3 Nc2 34. Kf3 Nxe3 35. Kxe3 Bd4+ 0-1

[Event "*** Titled Tuesday Blitz"]
[Site "Chess.com"]
[Date "2020.04.21"]
[Round "2"]
[White "doons21"]
[Black "Hikaru"]
[Result "0-1"]
[WhiteElo "2614"]
[BlackElo "3233"]
[TimeControl "180+1"]
[EndTime "10:17:40 PDT"]
[Termination "Hikaru won on time"]

1. e4 c5 2. c3 g6 3. d4 cxd4 4. cxd4 d5 5. e5 Nc6 6. h3 Bg7 7. Nf3 f6 8. Bf4 Nh6 9. Qd2 Nf7 10. exf6 exf6 11. Bb5 O-O 12. O-O g5 13. Bg3 Nd6 14.
Bxc6 bxc6 15. Bxd6 Qxd6 16. Nc3 g4 17. hxg4 Bxg4 18.
Nh2 Bd7 19. Na4 f5 20. f4 Rae8 21. Nf3 Re4 22. Ne5 Bxe5 23. fxe5 Qe7 24. Nc5 Rg4 25. Rf4 Rg6 26. Raf1 Bc8 27. R1f3 Kh8 28. Rh3 Rfg8 29. Rfh4 R8g7 30. Qf2 Kg8 31. Rh2 Rg4 32. Nd3 Re4 33. Nf4 Qb4 34. R2h3 Qxd4 35. Qxd4 Rxd4 36. Nh5 Rxh4 37.
Rxh4 Re7 38. Nf6+ Kh8 39. Kf1 f4 40. Kf2 Bf5 41. Kf3 Bg6 42. Kxf4 d4 43. Rh1 Bc2 44.
b4 d3 45. Ke3 Rxe5+ 46. Kd2 Kg7 47. Nxh7 Re2+ 48. Kc3 Rxg2 0-1